 Dungeon Crawl Stone Soup version 0.28.0-53-g5a82cb258f (webtiles) character file.

Game seed: 14705333014228975859

105 rageheart7 the Skirmisher (level 4, -4/41 HPs)
             Began as a Draconian Monk on June 30, 2022.
             Killed from afar by Natasha (9 damage)
             ... with a magic dart
             ... on level 2 of the Dungeon.
             The game lasted 00:02:28 (2070 turns).

rageheart7 the Skirmisher (Draconian Monk)          Turns: 2070, Time: 00:02:30

Health: -4/41      AC:  5    Str: 15    XL:     4   Next: 53%
Magic:  4/4        EV: 12    Int: 11    God:
Gold:   58         SH:  0    Dex: 13    Spells: 3/3 levels left

rFire   . . .      SeeInvis .   f - +0 great mace
rCold   . . .      Faith    .   (shield currently unavailable)
rNeg    . . .      Spirit   .   (armour unavailable)
rPois   .          Reflect  .   (helmet restricted)
rElec   .          Harm     .   (no cloak)
rCorr   .          Rampage  .   (no gloves)
Will    .....                   (no boots)
Stlth   ++........              (no amulet)
HPRegen 0.13/turn               (no ring)
MPRegen 0.09/turn               (no ring)

@: no status effects
A: AC +5, unfitting armour, cold-blooded
a: no special abilities


You were on level 2 of the Dungeon.
You visited 1 branch of the dungeon, and saw 2 of its levels.

You collected 58 gold pieces.

Inventory:

Hand Weapons
 a - a +0 mace
 f - a +0 great mace (weapon)
Scrolls
 c - 2 scrolls of amnesia {unknown}
 d - a scroll of fear {unknown}
Potions
 e - a potion of heal wounds {unknown}


   Skills:
 * Level 4.7 Fighting
 * Level 4.3 Maces & Flails
 - Level 2.6 Dodging
 - Level 1.7 Stealth


You had 3 spell levels left.
You didn't know any spells.
Your spell library was empty.

Dungeon Overview and Level Annotations

Branches:
Dungeon (2/15)

Altars:

Annotations:
D:2 Natasha


Innate Abilities, Weirdness & Mutations

Your plain brown scales are hard. (AC +5)
You cannot fit into any form of body armour.
You are cold-blooded and may be slowed by cold attacks.


Message History

The bat barely misses you. The bat hits you but does no damage.
Found a stone staircase leading down.
The bat hits you but does no damage. The bat hits you.
You miss the bat. You tail-slap the bat.
The bat is moderately wounded.
The bat hits you but does no damage. The bat barely misses you.
The bat closely misses you. The bat closely misses you.
The bat barely misses you.
You sock the bat!
You kill the bat!
Natasha, Servant of Life and Death comes into view.
You see here a bat corpse.
It was a potion of curing.
You feel better.
Natasha hisses angrily.
Natasha mewls in sadness.
Natasha casts a spell.
Natasha closely misses you. The shadow imp gestures at you.
Pain shoots through your body!
You hit Natasha.
Your tail-slap misses Natasha.
Natasha is lightly wounded.
Natasha claws you. Natasha barely misses you.
You closely miss Natasha. You tail-slap Natasha.
Natasha is lightly wounded.
Natasha claws you.
You barely miss Natasha.
Natasha is lightly wounded.
The shadow imp closely misses you. Natasha claws you.
The shadow imp picks up a beetle and eats it.
The shadow imp hits you but does no damage.
Natasha claws you!
* * * LOW HITPOINT WARNING * * *
You closely miss Natasha.
Natasha is lightly wounded.
The shadow imp shouts, "Get thee gone, thou pandering hasty-witted joithead!"
The shadow imp hits you.
* * * LOW HITPOINT WARNING * * *
Natasha stares at you and mumbles some strange words.
The magic dart hits you!
You die...

#.#.....####.####
#.#.....# #.# #
........####.# #
#.#.....'.##.####
##+##.#.....#........
#...........####.####
#.>..................
#..5h......†####.....
#...@..#....####.####
###............#.#
#.#†###.###..#.####
#.#...###....#.##..
#.###.#.#†#..# #.# ..
#$.....#........ ..
##.#.###.##.##.#
...#.....)#.........
#.#.#.###.. .#.#


You could see Natasha and a shadow imp (summoned).

Vanquished Creatures
  Natasha (D:2)
  3 adders (D:2)
  An ufetubus (D:2)
  2 worms (D:2)
  A dart slug (D:1)
  5 bats
  4 endoplasms
  2 giant cockroaches
  4 goblins
  3 hobgoblins (D:1)
  3 quokkas
  4 frilled lizards (D:1)
  3 kobolds (D:1)
  5 rats
41 creatures vanquished.

Notes
Turn   | Place    | Note
-------+----------+-------------------------------------------
     0 | D:1      | rageheart7 the Draconian Monk began the quest for the Orb.
     0 | D:1      | Reached XP level 1. HP: 19/19 MP: 1/1
   535 | D:1      | Reached XP level 2. HP: 26/26 MP: 2/2
  1228 | D:1      | Reached XP level 3. HP: 20/33 MP: 3/3
  1828 | D:2      | Noticed Natasha
  1836 | D:2      | Killed Natasha
  1837 | D:2      | Reached XP level 4. HP: 38/41 MP: 4/4
  2062 | D:2      | Noticed Natasha
  2070 | D:2      | Killed from afar by Natasha

Illustrated notes

Levels and vault maps discovered:
D:1:      psy_arrival_statuary, layout_basic
D:2:      minmay_inner_zag, layout_basic, minmay_indecisive_spiral, uniq_natasha

Skill      XL: |  1  2  3 |
---------------+----------+-----
Fighting       | 4 |  4.7
Maces & Flails | 4 |  4.3
Dodging        | |  2.6
Stealth        | |  1.7

Action                   |  1- 3 |  4- 6 || total
-------------------------+-------+-------++-------
Melee: Mace              |    70 |       ||    70
       Tailslap          |     8 |     7 ||    15
       Punch             |     2 |       ||     2
       Great mace        |    20 |    39 ||    59
  Use: Potion            |       |     1 ||     1
 Stab: Sleeping          |     4 |     1 ||     5
Armor: Skin              |    37 |    18 ||    55
Dodge: Dodged            |    77 |    45 ||   122
